 Dungeon Crawl Stone Soup version 0.21.1-1-g345015f (webtiles) character file.

159101 nightchill the Severer (level 16, -1/170 HPs)
             Began as a Minotaur Berserker on Apr 19, 2018.
             Was the Champion of Trog.
             Killed from afar by a shock serpent (21 damage)
             ... with a bolt of electricity
             ... on level 4 of the Snake Pit on Apr 21, 2018.
             The game lasted 02:18:49 (28969 turns).

nightchill the Severer (Minotaur Berserker)        Turns: 28969, Time: 02:18:51

Health: -1/170     AC: 23    Str: 31    XL:     16   Next: 88%
Magic:  22/22      EV: 17    Int:  4    God:    Trog [******]
Gold:   1822       SH:  0    Dex: 10    Spells: 15/15 levels left

rFire    + + +     SeeInvis .   f - +1 executioner's axe (flame)
rCold    + . .     Gourm    .   (shield currently unavailable)
rNeg     . . .     Faith    .   L - +2 plate armour of the Midnight Sun {rPois rF++}
rPois    +         Spirit   .   h - +2 hat
rElec    .         Reflect  .   u - scarf {rC+ rF+}
rCorr    .         Harm     .   (no gloves)
MR       +....                  m - +2 pair of boots
Stlth    ..........             b - amulet of Vitality {Regen+ HP+15}
HPRegen  0.78/turn              R - +3 ring of evasion
MPRegen  0.18/turn              e - +2 ring of strength

@: lethally poisoned (-1 -> -6), berserk cooldown, slowed, very slow
A: retaliatory headbutt, horns 2
}: 1/15 runes: decaying
a: Berserk, Trog's Hand, Brothers in Arms, Burn Spellbooks, Renounce Religion


You were on level 4 of the Snake Pit.
You worshipped Trog.
Trog was exalted by your worship.
You were very hungry.

You visited 5 branches of the dungeon, and saw 29 of its levels.

You collected 2690 gold pieces.
You spent 868 gold pieces at shops.

Inventory:

Hand Weapons
 a - a +4 broad axe of chopping
 f - a +1 executioner's axe of flaming (weapon)
 E - a +5 antimagic war axe
 M - the +7 hand axe "Apioruimn" {flame, Int+6}
   (Trog gifted it to you on level 14 of the Dungeon)

   It has been specially enchanted to burn those struck by it, causing extra
   injury to most foes and up to half again as much damage against particularly
   susceptible opponents.
   Big, fiery blades are also staple armaments of hydra-hunters.
   It affects your intelligence (+6).
Missiles
 B - 8 javelins
 H - 3 exploding tomahawks
 O - 7 silver javelins (quivered)
Armour
 g - a +0 buckler
 h - a +2 hat (worn)
 m - a +2 pair of boots (worn)
 n - a +0 cloak of poison resistance
 u - a scarf of resistance (worn)
 L - the +2 plate armour of the Midnight Sun (worn) {rPois rF++}
   (You bought it in a shop on level 2 of the Orcish Mines)

   It greatly protects you from fire.
   It protects you from poison.
 Y - the +7 plate armour of the Comet {rC+ Dex+2}
   (You found it on level 1 of the Snake Pit)

   It affects your dexterity (+2).
   It protects you from cold.
Jewellery
 b - the amulet of Vitality (around neck) {Regen+ HP+15}
   (You found it on level 5 of the Lair of Beasts)

   [amulet of regeneration]

   It affects your health (+15).
   It increases your rate of regeneration.
 e - a +2 ring of strength (right hand)
 R - a +3 ring of evasion (left hand)
 U - an uncursed ring of resist corrosion
Wands
 p - a wand of digging (9)
 y - a wand of iceblast (7)
 A - a wand of paralysis (47)
 D - a wand of polymorph (43)
 F - a wand of disintegration (33)
Scrolls
 l - 10 scrolls of remove curse
 o - 5 scrolls of fear
 r - 4 scrolls of immolation
 s - a scroll of blinking
 t - 4 scrolls of identify
 v - 15 scrolls of teleportation
 w - 4 scrolls of enchant armour
 X - 2 scrolls of enchant weapon
 Z - 2 scrolls of fog
Potions
 i - 4 potions of mutation
 j - 3 potions of cancellation
 k - 2 potions of invisibility
 q - 10 potions of curing
 z - 3 potions of ambrosia
 C - 4 potions of flight
 G - 4 potions of agility
 J - a potion of might
 K - 2 potions of haste
 N - a potion of brilliance
 P - a potion of magic
 Q - 2 potions of lignification
Comestibles
 c - 36 rations


   Skills:
 + Level 17.4 Fighting
 * Level 18.8 Axes
 - Level 1.0 Throwing
 + Level 13.4 Armour
 + Level 13.0 Dodging
 - Level 9.0 Shields
 + Level 9.9 Evocations


You had 15 spell levels left.
You didn't know any spells.

Dungeon Overview and Level Annotations

Branches:
Dungeon (14/15)            Temple (0/1) D:7            Lair (5/6) D:11
  Swamp (4/4) Lair:4        Snake (4/4) Lair:3        Slime (0/5) Lair:5
    Orc (2/2) D:9             Elf (0/3) Orc:2
 Vaults: D:13-14

Altars:
Ashenzari
Dithmenos
Fedhas
Makhleb
Okawaru
Sif Muna
Vehumet
Yredelemnul
The Shining One
Beogh

Shops:
D:8 :   D:10 :   D:11 *   Orc:2 }=[(   Snake:3 *

Annotations:
D:3 1 exclusion
Swamp:4 !mara illusion, Mara
Orc:1 1 runed door, exclusions: door and 4 orange crystal statues


Innate Abilities, Weirdness & Mutations

You reflexively headbutt those who attack you in melee.
You have a pair of horns on your head.


Message History

* * * LOW HITPOINT WARNING * * *
The black mamba hisses angrily.
You hear an angry hiss.
A naga comes into view. It is wielding a flail.
You escape the anaconda's grasp.
You feel very sick. The anaconda grabs you.
The anaconda bites you but does no damage.
The anaconda constricts you. The shock serpent barely misses you.
The anaconda bites you but does no damage.
* * * LOW HITPOINT WARNING * * *
The anaconda constricts you.
A naga mage comes into view.
Okay, then.
You escape the anaconda's grasp.
You feel sick.
The shock serpent bites you but does no damage.
The shock serpent shoots out a bolt of lightning at you!
The bolt of electricity hits you!
* * * LOW HITPOINT WARNING * * *
The bolt of electricity hits you!
You die...

#.....# ***
#.....# *,####*
#.#####
*,#...#####.###
*,*#......#...#
*,,####.#.#...#
*,,* #........#
*,,* #...<...##
**###
**,**#...@...#
*(...
*,,*####SS)##
*##..., *,,*
#..†########.....*
*,,**
#.N.N.)......#****
*,,,*
##S(###N..)(.# *,
*<*,* ##S#
#......# *, *,,,*
#.###......# *,
*** **,,*
#S##...##..## *,
,,* **,*
#.##...#....# *,


You could see a nagaraja, an anaconda, a shock serpent, 3 black mambas and a
naga.

Vanquished Creatures
  A thorn hunter (Swamp:4)
  3 nagarajas
  Aizul (Snake:1)
  An orc warlord (Orc:2)
  A very ugly thing (Swamp:1)
  18 hydras
  9 anacondas
  5 naga warriors
  A ghost crab (Swamp:2)
  7 alligators
  3 two-headed ogres
  2 orc high priests
  9 shock serpents
  8 naga sharpshooters
  4 salamander mystics
  3 spriggan druids
  13 swamp dragons
  3 unseen horrors (D:12)
  2 naga ritualists
  2 shambling mangroves
  2 orc knights (Orc:2)
  5 mana vipers
  A manticore (D:14)
  An ugly thing (D:12)
  11 salamanders
  4 elephants (Lair:4)
  9 naga magi
  24 black mambas
  4 guardian serpents
  Maurice (Orc:2)
  10 spiny frogs
  5 rime drakes
  4 komodo dragons
  A kobold demonologist (D:11)
  Grinder (D:3)
  6 trolls
  3 hornets
  6 tyrant leeches
  11 blink frogs
  4 slime creatures (Swamp:2)
  A meliai zombie (D:11)
  7 bog bodies
  2 hippogriffs
  Sigmund (D:2)
  4 shadows
  18 yaks
  2 spriggans
  3 wyverns
  2 vampires
  3 basilisks
  A steam dragon (D:11)
  3 wargs
  16 vampire mosquitoes
  11 insubstantial wisps
  Menkaure (D:7)
  31 nagas
  16 swamp worms
  An acid dragon (D:11)
  5 porcupines
  28 orc warriors
  11 water moccasins
  2 black bears
  A sky beast (D:7)
  An eye of draining (D:12)
  9 swamp drakes
  An ice beast (D:11)
  4 phantoms
  4 centaurs
  A necrophage (D:10)
  11 ogres
  9 crocodiles
  3 wolves (Lair:3)
  15 bullfrogs
  4 big kobolds
  A wyvern skeleton (D:14)
  A scorpion (D:11)
  6 killer bees (D:10)
  2 howler monkeys (D:12)
  10 wights
  4 electric eels
  A bullfrog zombie (D:12)
  7 crimson imps
  4 hounds
  A quasit (D:5)
  17 orc priests
  6 jellies
  4 bullfrog skeletons
  2 centaur skeletons (D:8)
  A gnoll shaman (D:5)
  36 orc wizards
  3 iguanas
  8 worker ants
  A killer bee zombie (D:7)
  3 gnolls (D:5)
  A howler monkey skeleton (D:7)
  9 adders
  2 shadow imps
  4 oozes (Lair:5)
  An adder skeleton (D:8)
  A worm (D:3)
  3 dart slugs
  6 leopard geckos
  99 orcs
  11 giant cockroaches
  5 goblins
  8 hobgoblins
  9 jackals
  23 kobolds
  8 quokkas
  2 ball pythons (D:2)
  10 bats
  7 frilled lizards
  2 quokka skeletons (D:5)
  7 rats
  A butterfly (Lair:3)
  2 fungi
780 creatures vanquished.

Vanquished Creatures (collateral kills)
  A naga warrior (Snake:2)
  An anaconda (Snake:2)
  A naga sharpshooter (Snake:2)
  An orc knight (Orc:2)
  2 orc sorcerers (Orc:2)
  3 oklob plants (Lair:3)
  2 black mambas (Snake:2)
  3 naga magi (Snake:2)
  6 nagas (Snake:2)
  6 orc warriors (Orc:2)
  3 orc priests (Orc:2)
  2 orc wizards (Orc:2)
  4 orcs (Orc:2)
35 creatures vanquished.

Vanquished Creatures (others)
  A hound (D:7)
  19 fungi
  3 plants
23 creatures vanquished.

Grand Total: 838 creatures vanquished

Notes
Turn   | Place    | Note
-------+----------+-------------------------------------------
     0 | D:1      | nightchill the Minotaur Berserker began the quest for the Orb.
     0 | D:1      | Reached XP level 1. HP: 19/19 MP: 0/0
    23 | D:1      | Reached skill level 4 in Axes
    70 | D:1      | Reached XP level 2. HP: 25/27 MP: 1/1
   553 | D:2      | Reached ** piety under Trog
   750 | D:2      | Reached XP level 3. HP: 33/33 MP: 2/2
   925 | D:2      | Noticed Sigmund
   934 | D:2      | Killed Sigmund
   934 | D:2      | Reached skill level 6 in Axes
   934 | D:2      | Reached XP level 4. HP: 20/41 MP: 3/3
   934 | D:2      | Reached XP level 5. HP: 22/47 MP: 4/4
  1206 | D:2      | Reached skill level 5 in Fighting
  1957 | D:3      | Found an iron altar of Okawaru.
  1993 | D:3      | Noticed Grinder
  2001 | D:3      | Killed Grinder
  2001 | D:3      | Reached *** piety under Trog
  2001 | D:3      | Reached skill level 7 in Axes
  2001 | D:3      | Reached XP level 6. HP: 57/57 MP: 5/5
  2472 | D:4      | Reached XP level 7. HP: 55/62 MP: 6/6
  2474 | D:4      | Found a burning altar of Makhleb.
  2791 | D:5      | Entered Level 5 of the Dungeon
  3026 | D:5      | Reached skill level 8 in Axes
  3482 | D:5      | Reached skill level 9 in Axes
  3732 | D:6      | Reached XP level 8. HP: 71/71 MP: 7/7
  3843 | D:5      | Reached skill level 10 in Axes
  3958 | D:6      | Reached **** piety under Trog
  4055 | D:6      | Found a basalt altar of Yredelemnul.
  4420 | D:7      | Noticed Menkaure
  4427 | D:7      | Killed Menkaure
  4427 | D:7      | Reached XP level 9. HP: 82/82 MP: 8/8
  4504 | D:7      | Found a staircase to the Ecumenical Temple.
  4593 | D:7      | Reached skill level 11 in Axes
  4898 | D:7      | Found a radiant altar of Vehumet.
  5192 | D:8      | Found a glowing golden altar of the Shining One.
  5193 | D:8      | Found Ytoetorch's Book Emporium.
  5211 | D:8      | Reached skill level 5 in Armour
  5527 | D:8      | Reached ***** piety under Trog
  5681 | D:8      | Noticed a two-headed ogre
  5691 | D:8      | Killed a two-headed ogre
  5691 | D:8      | Reached skill level 5 in Dodging
  5816 | D:8      | Reached XP level 10. HP: 92/92 MP: 9/9
  6546 | D:8      | Noticed a two-headed ogre
  6554 | D:8      | Killed a two-headed ogre
  6554 | D:8      | Reached skill level 10 in Fighting
  6554 | D:8      | Reached skill level 12 in Axes
  6769 | D:8      | Found a deep blue altar of Sif Muna.
  6769 | D:8      | Found a shadowy altar of Dithmenos.
  6893 | D:9      | Noticed a two-headed ogre
  6900 | D:9      | Killed a two-headed ogre
  7017 | D:9      | Found a shattered altar of Ashenzari.
  7034 | D:9      | Received a gift from Trog
  7328 | D:9      | Found a staircase to the Orcish Mines.
  7478 | D:9      | Reached skill level 1 in Throwing
  7843 | D:10     | Entered Level 10 of the Dungeon
  7916 | D:10     | Found Dapluesm's Book Shop.
  8521 | D:10     | Reached skill level 1 in Evocations
  9359 | D:11     | Reached XP level 11. HP: 101/101 MP: 11/11
  9722 | D:11     | Found a staircase to the Lair.
 10473 | D:11     | You fall through a shaft for 3 floors!
 10727 | D:14     | Received a gift from Trog
 10736 | D:14     | Got a twisted hand axe {god gift}
 10834 | D:14     | Identified the +7 hand axe "Apioruimn" {flame, Int+6} (Trog gifted it to you on level 14 of the Dungeon)
 11170 | D:12     | Killed an unseen horror
 11170 | D:12     | Reached skill level 13 in Axes
 11172 | D:12     | Killed an unseen horror
 11871 | D:11     | Found Cufeatat's General Store.
 12056 | Lair:1   | Entered Level 1 of the Lair of Beasts
 12152 | Lair:1   | Reached skill level 5 in Evocations
 13069 | Lair:2   | Reached XP level 12. HP: 112/112 MP: 15/15
 13833 | Lair:3   | Found a staircase to the Snake Pit.
 14151 | Lair:3   | Noticed an eight-headed hydra
 14159 | Lair:3   | Killed a four-headed hydra
 14280 | Lair:3   | Reached skill level 10 in Armour
 14621 | Lair:3   | Noticed an eight-headed hydra
 14630 | Lair:3   | Killed a four-headed hydra
 15273 | Lair:4   | Reached skill level 14 in Axes
 15434 | Lair:4   | Reached skill level 10 in Dodging
 15649 | Lair:4   | Noticed a five-headed hydra
 15658 | Lair:4   | Killed a one-headed hydra
 16746 | Lair:5   | Noticed a six-headed hydra
 16756 | Lair:5   | Killed a two-headed hydra
 16923 | Lair:5   | Found the amulet of Vitality {Regen+ HP+15}
 16951 | Lair:5   | Received a gift from Trog
 16977 | Lair:5   | Found a staircase to the Slime Pits.
 17424 | Lair:5   | Reached XP level 13. HP: 122/122 MP: 16/16
 17708 | Lair:5   | Reached skill level 15 in Fighting
 17708 | Lair:5   | Reached XP level 14. HP: 135/135 MP: 17/17
 18055 | D:12     | Found a blossoming altar of Fedhas.
 18547 | Orc:1    | Entered Level 1 of the Orcish Mines
 18829 | Orc:2    | Entered Level 2 of the Orcish Mines
 18863 | Orc:2    | Reached skill level 15 in Axes
 18907 | Orc:2    | Found a roughly hewn altar of Beogh.
 19181 | Orc:1    | Found a runed door.
 19190 | Orc:1    | Found the +10 large shield of Ignorance {rN+ Int-4}
 19209 | Orc:1    | Lost intelligence.
 19228 | Orc:1    | Found a runed door.
 19587 | Orc:1    | Lost intelligence.
 19757 | Orc:2    | Found a roughly hewn altar of Beogh.
 19776 | Orc:2    | Found Midgh's Gadget Emporium.
 19824 | Orc:2    | Found a roughly hewn altar of Beogh.
 19984 | Orc:2    | Found a roughly hewn altar of Beogh.
 20028 | Orc:2    | Found Ysupn's Jewellery Shoppe.
 20183 | Orc:2    | Received a gift from Trog
 20196 | Orc:2    | Noticed Maurice
 20199 | Orc:2    | Killed Maurice
 20229 | Orc:2    | Found a roughly hewn altar of Beogh.
 20313 | Orc:2    | Found a staircase to the Elven Halls.
 20425 | Orc:2    | Noticed an orc warlord
 20435 | Orc:2    | Killed an orc warlord
 20485 | Orc:2    | Paralysed by an orc sorcerer for 2 turns
 20494 | Orc:2    | Found Qaacu's Antique Weapon Emporium.
 20495 | Orc:2    | Found a roughly hewn altar of Beogh.
 20498 | Orc:2    | Found Bomoleysch's Antique Armour Shoppe.
 20516 | Orc:2    | Bought a scorched plate armour for 868 gold pieces
 20537 | Orc:2    | Identified the +2 plate armour of the Midnight Sun {rPois rF++} (You bought it in a shop on level 2 of the Orcish Mines)
 20851 | Snake:1  | Entered Level 1 of the Snake Pit
 20965 | Snake:1  | Reached skill level 5 in Shields
 21168 | Snake:1  | Noticed Aizul
 21185 | Snake:1  | Killed Aizul
 21497 | Snake:1  | Reached skill level 16 in Axes
 21523 | Snake:1  | Received a gift from Trog
 21649 | Snake:1  | Got a shimmering robe
 21658 | Snake:1  | Got a steaming plate armour
 21983 | Snake:1  | Reached ****** piety under Trog
 22103 | Snake:1  | Identified the +7 plate armour of the Comet {rC+ Dex+2} (You found it on level 1 of the Snake Pit)
 22361 | Snake:1  | Reached XP level 15. HP: 144/144 MP: 19/19
 22448 | Snake:1  | Received a gift from Trog
 22565 | Snake:2  | Noticed a nagaraja
 22586 | Snake:2  | Killed a nagaraja
 22999 | Snake:2  | Noticed a nagaraja
 23016 | Snake:2  | Killed a nagaraja
 23538 | Snake:2  | Reached skill level 17 in Axes
 23552 | Snake:2  | Found an iron altar of Okawaru.
 23974 | Snake:3  | Noticed a nagaraja
 23984 | Snake:3  | Killed a nagaraja
 23992 | Snake:3  | Received a gift from Trog
 24689 | Snake:3  | Found Cupt's General Store.
 25134 | Lair:4   | Found a staircase to the Swamp.
 25268 | Swamp:1  | Entered Level 1 of the Swamp
 25303 | Swamp:1  | Received a gift from Trog
 25312 | Swamp:1  | Reached XP level 16. HP: 152/152 MP: 21/21
 26263 | Swamp:2  | Reached skill level 18 in Axes
 27726 | Swamp:3  | Received a gift from Trog
 27914 | Swamp:4  | Entered Level 4 of the Swamp
 28292 | Swamp:4  | Noticed a thorn hunter
 28384 | Swamp:4  | Killed a thorn hunter
 28649 | Swamp:4  | Got a decaying rune of Zot
 28655 | Swamp:4  | Noticed Mara
 28657 | Swamp:4  | Noticed nightchill's illusion
 28883 | Snake:4  | Entered Level 4 of the Snake Pit
 28969 | Snake:4  | Killed from afar by a shock serpent

Skill      XL: |  1  2  3  4  5  6  7  8  9 10 11 12 13 14 15 16 |
---------------+-------------------------------------------------+-----
Axes           | 4 6 7 9 10 11 12 13 14 16 17 18 | 18.8
Fighting       | 4 5 6 8 9 10 11 13 15 16 17 | 17.4
Shields        | 2 3 4 6 8 9 |  9.0
Armour         | 3 6 8 9 10 11 12 13 | 13.4
Dodging        | 3 5 7 8 10 11 12 13 | 13.0
Throwing       | 1 |  1.0
Evocations     | 2 5 6 7 9 |  9.9

Action                   |  1- 3 |  4- 6 |  7- 9 | 10-12 | 13-15 | 16-18 || total
-------------------------+-------+-------+-------+-------+-------+-------++-------
Melee: Hand axe          |    85 |    91 |   281 |   669 |   263 |     7 ||  1396
       Headbutt          |    11 |    16 |    61 |   152 |   169 |    75 ||   484
       Broad axe         |       |       |       |       |   456 |       ||   456
       War axe           |       |       |       |       |    34 |       ||    34
       Executioner's axe |       |       |       |       |       |   333 ||   333
Invok: Berserk           |     1 |     1 |    10 |    20 |    16 |     5 ||    53
       Burn Spellbooks   |       |       |       |     2 |     1 |       ||     3
       Trog's Hand       |       |       |       |     1 |       |       ||     1
       Brothers in Arms  |       |       |       |     2 |     6 |       ||     8
  Use: Scroll            |       |    11 |     4 |    15 |     4 |     4 ||    38
       Potion            |       |       |     1 |     3 |    13 |       ||    17
 Stab: Distracted        |     1 |       |       |       |     1 |       ||     2
       Invisible         |       |       |       |       |     2 |       ||     2
  Eat: Chunk             |       |     7 |    13 |    40 |    13 |     9 ||    82
       Ration            |       |       |     2 |     5 |     9 |     2 ||    18
Armor: Animal skin       |    24 |     4 |       |       |       |       ||    28
       Leather armour    |       |    33 |    11 |       |       |       ||    44
       Ring mail         |       |       |    48 |       |       |       ||    48
       Scale mail        |       |       |    22 |    95 |       |       ||   117
       Acid dragon scale |       |       |       |    69 |       |       ||    69
       Plate armour      |       |       |       |    12 |   319 |   208 ||   539
Dodge: Dodged            |    59 |    65 |   116 |   333 |   424 |   329 ||  1326
Block: Buckler           |     8 |    12 |    42 |    87 |   181 |     1 ||   331
